Map: Orbital Shipyard

Players

MetrognomE

  • Race: Zerg Zerg

AgCl - Winner!

  • Race: Protoss Protoss

VOD

Have the link to the VOD?

Description

Time

  • Played on: May 3, 2015, 9:35 p.m.
  • Length: 10:30
Show
View Real Time Build Order
Export as new Build Order

MetrognomE Zerg 

Build Orders: Hatch First 

Get SALT Encoding   

  12  0:02  Drone  
  13  0:13  Overlord  
  13  0:18  Drone  
  14  0:32  Drone x2  
  16  0:40  Drone  
  17  0:53  Hatchery  
  16  1:07  Spawning Pool  
  16  1:09  Drone  
  16  1:13  Drone  
  17  1:20  Drone  
  18  1:30  Extractor  
  17  1:34  Drone x2  
  19  1:42  Drone  
  20  1:54  Queen  
  20  1:57  Overlord  
  22  2:02  Roach Warren  
  21  2:10  Queen  
  21  2:12  Drone  
  21  2:13  Drone  
  25  2:21  Drone  
  26  2:23  Drone  
  26  2:25  Drone  
  28  2:32  Lair  
  28  2:37  Drone  
  29  2:47  Zergling x2  
  29  2:48  Zergling x6  
  32  3:05  Drone x2  
  32  3:06  Drone  
  34  3:17  Overlord  
  34  3:18  Extractor  
  33  3:20  Roach  
  33  3:22  Zergling x2  
  36  3:45  Drone  
  36  3:46  Zergling x2  
  36  3:47  Zergling x8  
  42  4:02  Nydus Network  
  41  4:03  Overlord  
  41  4:04  Drone  
  41  4:05  Drone x2  
  44  4:14  Drone, Spine Crawler  
  44  4:16  Overlord  
  44  4:21  Queen  
  46  4:30  Drone x3  
  49  4:33  Overlord  
  49  4:35  Roach  
  51  4:49  Nydus Canal  
  49  4:57  Zergling x2  
  49  4:58  Zergling x14  
  41  5:19  Zergling x2  
  41  5:20  Zergling x10  
  39  5:51  Drone x4, Zergling x2  
  33  6:13  Drone x5  
  37  6:18  Hydralisk Den  
  37  6:23  Drone x3  
  37  6:24  Drone  
  40  6:27  Extractor  
  40  6:29  Spore Crawler  
  40  6:30  Spore Crawler  
  37  6:34  Spore Crawler  
  36  6:40  Spore Crawler  
  36  6:46  Metabolic Boost  
  35  6:49  Hydralisk  
  35  6:50  Hydralisk  
  39  6:59  Nydus Canal  
  39  7:02  Zergling x2  
  39  7:03  Zergling x4  
  42  7:08  Zergling x2  
  42  7:09  Zergling x4  
  41  7:23  Zergling x6  
  44  7:42  Zergling x2  
  44  7:43  Zergling x12  
  16  9:19  Spawning Pool  
  3  9:46  Drone x3  
  4  10:12  Drone x2  
  4  10:13  Drone  
  5  10:15  Hatchery, Drone  
Show
View Real Time Build Order
Export as new Build Order

AgCl Protoss - Winner!

Build Orders: Oracle Opening, Oracle Opening, Carrier Rush 

Get SALT Encoding   

  12  0:02  Probe  
  14  0:14  Probe  
  14  0:21  Pylon  
  14  0:30  Assimilator  
  14  0:39  Probe  
  15  0:51  Probe (Chrono Boost)  
  15  0:53  Gateway  
  16  1:02  Probe (Chrono Boost)  
  17  1:08  Probe  
  18  1:15  Assimilator  
  17  1:20  Probe (Chrono Boost)  
  19  1:32  Probe (Chrono Boost)  
  19  1:41  Probe (Chrono Boost)  
  19  1:43  Zealot (Chrono Boost)  
  22  1:54  Nexus  
  22  2:04  Cybernetics Core  
  22  2:22  Pylon  
  22  2:40  Probe (Chrono Boost)  
  23  2:49  Probe (Chrono Boost)  
  24  2:57  Probe (Chrono Boost)  
  25  2:59  Stargate  
  23  3:09  Probe (Chrono Boost)  
  23  3:10  Warp Gate  
  23  3:12  Probe (Chrono Boost)  
  25  3:18  Probe (Chrono Boost)  
  25  3:19  Mothership Core (Chrono Boost)  
  28  3:24  Assimilator  
  29  3:30  Probe (Chrono Boost), Assimilator  
  29  3:33  Probe (Chrono Boost)  
  30  3:35  Pylon  
  30  3:36  Pylon  
  31  3:48  Fleet Beacon, Oracle (Chrono Boost)  
  31  3:53  Probe (Chrono Boost)  
  35  3:56  Probe (Chrono Boost)  
  35  4:06  Probe x2 (Chrono Boost)  
  37  4:16  Probe (Chrono Boost)  
  39  4:19  Probe (Chrono Boost)  
  39  4:21  Carrier (Chrono Boost)  
  40  4:27  Probe x2 (Chrono Boost)  
  41  4:35  Probe x2 (Chrono Boost)  
  43  4:41  Pylon  
  43  4:43  Probe  
  50  4:45  Probe  
  51  4:55  Probe  
  51  4:59  Pylon  
  52  5:04  Probe  
  52  5:05  Protoss Air Weapons Level 1  
  53  5:10  Probe  
  54  5:18  Carrier (Chrono Boost)  
  54  5:37  Gateway  
  54  5:39  Probe  
  55  5:51  Nexus  
  49  6:07  Probe (Chrono Boost)  
  49  6:16  Probe (Chrono Boost)  
  49  6:24  Probe  
  50  6:36  Probe (Chrono Boost)  
  52  6:48  Probe (Chrono Boost)  
  52  6:52  Carrier (Chrono Boost)  
  52  6:55  Probe (Chrono Boost)  
  53  7:01  Graviton Catapult (Chrono Boost)  
  53  7:05  Probe  
  54  7:09  Probe  
  61  7:17  Probe  
  58  7:26  Probe  
  58  7:29  Probe  
  41  7:38  Probe  
  41  7:43  Probe  
  42  7:57  Probe  
Tags
 
Add a new tag
Caveats
  • Supply blocks, unpowered buildings, or Contaminate may cause inaccurate times.
  • Supply counts are checked every 10 seconds.